 Dungeon Crawl Stone Soup version 0.28.0 (webtiles) character file.

Game seed: 1888908740455913713

227827 GraveyardiganJr the Earth Mage (level 19, -4/108 (113) HPs)
             Began as a Gargoyle Earth Elementalist on Feb 5, 2022.
             Was the Champion of Ru.
             Killed from afar by a deep elf pyromancer (9 damage)
             ... with a bolt of fire
             ... on level 1 of the Elven Halls on Feb 7, 2022.
             The game lasted 12:07:16 (43666 turns).

GraveyardiganJr the Earth Mage (GrEE)              Turns: 43666, Time: 12:07:17

HP:   -4/108 (113)  AC: 31    Str: 13    XL:     19   Next: 40%
MP:   17/35         EV: 10    Int: 22    God:    Ru [******]
Gold: 814           SH:  0    Dex: 14    Spells: 13/42 levels left

rFire   + . .      SeeInvis +   a - staff of earth
rCold   . . .      Faith    .   (shield unavailable)
rNeg    + . .      Spirit   .   j - +1 robe {Will+}
rPois   ∞          Reflect  .   V - +2 helmet {Int+3}
rElec   +          Harm     .   f - +2 cloak of the Thief {*Fog Slay-2 SInv Stlth+}
rCorr   .          Rampage  .   M - +2 pair of gloves
Will    ++...                   R - +2 pair of boots
Stlth   ++++++....              N - amulet of magic regeneration
HPRegen 0.28/turn               (ring unavailable)
MPRegen 0.64/turn               F - ring of protection from fire

@: exhausted, flying, hasted, lightly drained, very quick
A: sickness immunity, AC +14, big wings, negative energy resistance 1,
electricity resistance, torment resistance 1, petrification resistance, missing
a hand, hated by all, no fire magic, no necromancy magic, no transmutations
magic, reduced EV 1
}: 1/15 runes: gossamer
a: Renounce Religion, Draw Out Power, Power Leap, Apocalypse


You were on level 1 of the Elven Halls.
You worshipped Ru.
Ru was exalted by your worship.
You visited 8 branches of the dungeon, and saw 33 of its levels.

You collected 3142 gold pieces.
You spent 2328 gold pieces at shops.

Inventory:

Hand Weapons
 b - the +7 hand axe of Dowdy Watchfulness {venom, Int+4}
   (You found it on level 1 of the Lair of Beasts)

   It poisons the flesh of those it strikes.
   Int:       It affects your intelligence (+4).
 s - a +4 dagger
 w - a +9 whip of electrocution
Missiles
 c - 367 stones
 B - 2 throwing nets
Armour
 f - the +2 cloak of the Thief (worn) {*Fog Slay-2 SInv Stlth+}
   (You bought it in a shop on level 9 of the Dungeon)

   It may release a thick cloud of smoke when the wearer is hurt.
   Slay:      It affects your accuracy & damage with ranged weapons and melee
   (-2).
   SInv:      It lets you see invisible.
   Stlth:     It makes you more stealthy.
 j - a +1 robe of willpower (worn)
 M - a +2 pair of gloves (worn)
 R - a +2 pair of boots (worn)
 V - a +2 helmet of intelligence (worn)
Magical Staves
 a - a staff of earth (weapon)
Jewellery
 h - a ring of wizardry
 n - a ring of positive energy
 F - a ring of protection from fire (right hand)
 N - an amulet of magic regeneration (around neck)
 T - a ring of protection from cold
Wands
 o - a wand of paralysis (7)
 x - a wand of iceblast (4)
 L - a wand of acid (7)
 O - a wand of polymorph (21)
 Q - a wand of flame (34)
Scrolls
 e - 2 scrolls of amnesia
 g - 7 scrolls of immolation
 p - 4 scrolls of identify
 v - 3 scrolls of fear
 y - 4 scrolls of fog
 A - 3 scrolls of teleportation
 E - 5 scrolls of blinking
 H - 2 scrolls of magic mapping
Potions
 i - 4 potions of might
 k - 2 potions of berserk rage
 l - 10 potions of curing
 r - 2 potions of magic
 t - 4 potions of ambrosia
 z - 4 potions of mutation
 I - 4 potions of brilliance
 U - a potion of cancellation
Miscellaneous
 q - a piece from Xom's chessboard (12/15)


   Skills:
 * Level 10.5 Fighting
 + Level 2.3 Short Blades
 - Level 3.1(6.0) Axes
 + Level 8.9(10.9) Maces & Flails
 + Level 9.3(10.8) Staves
 + Level 6.4 Armour
 + Level 6.7 Dodging
 + Level 10.9 Stealth
 - Level 12.1 Spellcasting
 + Level 11.3 Conjurations
 + Level 8.4 Hexes
 + Level 5.0 Translocations
 - Level 3.5 Ice Magic
 * Level 20.3 Earth Magic
 + Level 10.4 Evocations


You had 13 spell levels left.
You knew the following spells:

 Your Spells              Type           Power      Damage    Failure   Level
a - Sandblast             Erth           100%       2d20      0%          1
b - Fulminant Prism       Conj/Hex       27%        3d14      1%          4
e - Lee's Rapid Deconstr  Erth           50%        3d25*     1%          5
i - Iskenderun's Mystic   Conj/Tloc      49%        2d11      1%          4
l - Leda's Liquefaction   Hex/Erth       43%        N/A       1%          4
p - Apportation           Tloc           70%        N/A       1%          1
r - Stone Arrow           Conj/Erth      100%       3d13      1%          3
z - Dazzling Flash        Conj/Hex       100%       N/A       1%          3
F - Cause Fear            Hex            25%        N/A       1%          4

Your spell library contained the following spells:

 Spells                   Type           Power      Damage    Failure   Level
 Freeze                   Ice            100%       1d11      1%          1
 Slow                     Hex            100%       N/A       1%          1
 Confusing Touch          Hex            50%        N/A       1%          3
 Gell's Gravitas          Tloc           35%        N/A       1%          3
 Lesser Beckoning         Tloc           35%        N/A       1%          3
 Portal Projectile        Hex/Tloc       84%        N/A       1%          3
 Teleport Other           Tloc           35%        N/A       1%          3
 Hailstorm                Conj/Ice       46%        3d11      2%          4
 Frozen Ramparts          Ice            56%        1d7       3%          3
 Shatter                  Erth           50%        3d38*     75%         9
 Discord                  Hex            25%        N/A       100%        8
 Passwall                 Tmut/Erth      Unusable   N/A       N/A         2
 Animate Armour           Summ/Erth      Unusable   N/A       N/A         4
 Petrify                  Tmut/Erth      Unusable   N/A       N/A         4
 Inner Flame              Hex/Fire       Unusable   N/A       N/A         3
 Animate Skeleton         Necr           Unusable   N/A       N/A         1
 Summon Small Mammal      Summ           Unusable   N/A       N/A         1
 Corpse Rot               Necr/Air       Unusable   N/A       N/A         2
 Statue Form              Tmut/Erth      Unusable   N/A       N/A         6
 Irradiate                Conj/Tmut      Unusable   3d20      N/A         5
 Call Canine Familiar     Summ           Unusable   N/A       N/A         3
 Vampiric Draining        Necr           Unusable   2d6       N/A         3
 Dispel Undead            Necr           Unusable   3d9       N/A         4
 Starburst                Conj/Fire      Unusable   6d7       N/A         6
 Blade Hands              Tmut           Unusable   N/A       N/A         5
 Death Channel            Necr           Unusable   N/A       N/A         6
 Dragon Form              Tmut           Unusable   N/A       N/A         7
 Malign Gateway           Summ/Tloc      Unusable   N/A       N/A         7
 Summon Horrible Things   Summ           Unusable   N/A       N/A         8

Dungeon Overview and Level Annotations

Branches:
Dungeon (15/15)            Temple (1/1) D:6            Lair (6/6) D:11
  Swamp (2/4) Lair:3       Spider (4/4) Lair:2        Slime (0/5) Lair:6
    Orc (2/2) D:11            Elf (1/3) Orc:2        Vaults (2/5) D:13
  Crypt (0/3) Vaults:2     Depths (0/4) D:15

Altars:
Ashenzari
Cheibriados
Dithmenos
Elyvilon
Fedhas
Gozag
Hepliaklqana
Kikubaaqudgha
Makhleb
Nemelex Xobeh
Okawaru
Qazlal
Ru
Sif Muna
Trog
Uskayaw
Vehumet
Wu Jian
Xom
Yredelemnul
Zin
The Shining One
Beogh
Jiyva
Lugonu

Shops:
D:1 [   D:7 (   D:9 *   D:15 *   Orc:2 :(?[   Elf:1 *:   Vaults:2 ?

Portals:
Abyss: Lair:1

Annotations:
D:3 Ijyb, Terence
D:9 exclusion: kobold demonologist
D:14 exclusions: 3 doors and upstairs
Lair:6 1 runed translucent door
Spider:1 exclusions: downstairs and ghost moth, Louise
Spider:2 exclusions: orb spider and torpor snail
Spider:3 exclusions: boulder beetle and emperor scorpion
Orc:1 Jorgrun
Orc:2 exclusion: upstairs
Vaults:1 exclusion: door
Vaults:2 1 exclusion


Innate Abilities, Weirdness & Mutations

You are immune to sickness and miasma.
Your stone body is resilient. (AC +14)
You are immune to poison.
Your large and strong wings let you fly.
You resist negative energy. (rN+)
You are resistant to electric shocks. (rElec)
You are resistant to unholy torment.
You are immune to petrification.
You are missing a hand.
You are hated by all.
You cannot study or cast Fire magic.
You cannot study or cast Necromancy magic.
You cannot study or cast Transmutations magic.
You have somewhat slow reflexes. (EV -5)


Message History

Confirm with . or Enter, or press ? or * to list all spells.
You erupt in a blast of force!
The mystic blast hits the +1 vampiric glaive!
The +1 vampiric glaive is severely damaged.
The mystic blast hits the deep elf knight!
The deep elf knight is severely wounded.
The deep elf knight is knocked back by the mystic blast.
The deep elf knight slams into the rock wall!
The deep elf knight is severely wounded.
Your surroundings suddenly seem different.
A deep elf pyromancer and a +5 vorpal long sword come into view.
Found Ekum's Book Shop.
The deep elf pyromancer shouts!
The +5 vorpal long sword hits you but does no damage.
You barely miss the +5 vorpal long sword.
Press: ? - help, v - describe, . - travel
Here: a +5 vorpal long sword (water) Some deep water.
You hit the +5 vorpal long sword but do no damage.
The +5 vorpal long sword hits you!
* * * LOW HITPOINT WARNING * * *
x2 You focus your inner power and blind the +5 vorpal long sword in retribution!
You closely miss the +5 vorpal long sword.
The +5 vorpal long sword barely misses you.
You barely miss the +5 vorpal long sword.
The +5 vorpal long sword barely misses you.
You redirect the deep elf pyromancer's attack!
You catch the helpless +5 vorpal long sword completely off-guard!
You hit the +5 vorpal long sword.
The +5 vorpal long sword is lightly damaged.
The +5 vorpal long sword hits you!
* * * LOW HITPOINT WARNING * * *
With a swish of your cloak, you release a cloud of fog.
* * * LOW HITPOINT WARNING * * *
The +5 vorpal long sword hits you but does no damage.
Okay, then.
You feel yourself speed up. The +5 vorpal long sword misses you.
The deep elf pyromancer casts a spell at you.
The bolt of fire hits you! You resist.
You die...

########
.#.....⌠#
...≈≈≈..#
..≈≈≈§§§#
..≈≈≈§§§#
..≈≈≈§(@#
#..≈≈§§§#
##...e§§#
########


You could see a deep elf pyromancer and a +5 vorpal long sword (blind).

Vanquished Creatures
  2 sphinxes (Vaults:2)
  Roxanne (D:15)
  2 emperor scorpions
  5 ghost moths
  3 vault wardens
  9 ironbound preservers
  2 very ugly things
  A broodmother (Spider:4)
  An ironbound thunderhulk (Vaults:2)
  A deep elf demonologist (Elf:1)
  Azrael (Orc:2)
  4 entropy weavers
  11 dire elephants
  3 spark wasps
  An ettin (D:13)
  3 yaktaur captains
  9 vault guards
  3 boulder beetles
  Harold (D:8)
  4 ogre magi
  11 hydras
  15 centaur warriors
  8 ironbound frosthearts
  A radroach (Spider:2)
  An alligator (Swamp:1)
  4 dancing weapons
  4 jorogumos
  7 two-headed ogres
  5 catoblepae
  12 death yaks
  The ghost of dolemite99 the Zephyrmancer, a novice DrCj of Sif Muna (Lair:2)
  Urug (D:13)
  3 spriggans (Swamp:1)
  4 tengu warriors
  The ghost of Bearnado the Cleaver, a novice MiBe of Trog (D:8)
  Sonja (Lair:6)
  A glowing orange brain (Vaults:1)
  6 pharaoh ants
  12 skeletal warriors
  A spriggan druid (Swamp:1)
  2 steelbarb worms
  31 deep trolls
  A deep elf archer (Elf:1)
  2 wizards (D:15)
  13 orb spiders
  A bog body (Swamp:1)
  8 ironbound convokers
  A lindwurm (Vaults:1)
  Pikel (D:8)
  A necromancer (Vaults:2)
  A harpy (Vaults:1)
  6 deep elf pyromancers
  A faun (Orc:2)
  An orc knight (Orc:1)
  4 deep elf zephyrmancers (Elf:1)
  4 manticores
  7 orc sorcerers
  A mana viper (Orc:1)
  A tengu skeleton (Vaults:2)
  3 cyclopes
  A will-o-the-wisp (Swamp:1)
  26 ugly things
  8 wolf spiders
  20 elephants
  4 black mambas
  12 vault sentinels
  A stone giant skeleton (Vaults:2)
  4 moths of wrath
  A torpor snail (shapeshifter) (D:14)
  3 torpor snails
  3 demonic crawlers
  2 gargoyles (D:14)
  11 komodo dragons
  Maggie (D:7)
  11 cane toads
  14 yaktaurs
  3 rime drakes
  2 freezing wraiths
  8 trolls
  An efreet (D:13)
  2 polar bears
  An elf skeleton (Vaults:2)
  2 bloated husks (Swamp:1)
  14 meliai
  6 human skeletons (Vaults:2)
  A tyrant leech (Swamp:2)
  Prince Ribbit (D:8)
  9 hornets
  20 tarantellas
  22 slime creatures
  2 meliai zombies (D:11)
  A blink frog (shapeshifter) (D:13)
  7 dream sheep (Lair:6)
  19 blink frogs
  A human simulacrum (Vaults:2)
  12 jumping spiders
  A water elemental (D:11)
  2 ettin skeletons (Vaults:2)
  Sigmund (D:5)
  A shadow (D:9)
  2 wyverns
  A vampire (D:13)
  18 culicivoras
  A wraith (D:14)
  52 yaks
  An elf zombie (Vaults:2)
  An elf simulacrum (Vaults:2)
  A hog (shapeshifter) (D:13)
  6 basilisks
  3 fire elementals (Orc:2)
  5 vampire mosquitoes
  27 redbacks
  2 steam dragons (D:8)
  A redback simulacrum (D:15)
  3 wargs
  5 swamp worms
  An acid dragon (D:13)
  16 water moccasins
  3 hell hounds (Orc:2)
  A black bear (Lair:2)
  2 swamp drakes
  An ice beast (D:6)
  24 orc warriors
  A necrophage (D:4)
  A sky beast (D:6)
  8 wolves
  11 ogres
  8 centaurs
  A kobold brigand (D:6)
  15 bullfrogs
  A human zombie (Vaults:2)
  4 scorpions
  A gnoll sergeant (D:8)
  6 killer bees (D:9)
  9 electric eels
  A howler monkey (D:8)
  3 centaur zombies
  Crazy Yiuf (D:7)
  A bullfrog zombie (D:7)
  27 orc priests
  3 gnoll shamans
  4 jellies
  A bullfrog skeleton (D:6)
  9 hounds
  Jessica (D:3)
  32 orc wizards
  3 killer bee zombies
  A howler monkey zombie (D:10)
  16 gnolls
  8 adders
  A shadow imp (D:6)
  2 ufetubi
  An adder skeleton (D:4)
  5 dart slugs
  79 orcs
  7 ball pythons
  6 endoplasms
  A giant cockroach (D:4)
  6 goblins
  6 hobgoblins
  6 jackals
  9 kobolds
  3 quokkas
  5 bats
  4 frilled lizards
  8 rats
  A lurking horror (Lair:1)
1021 creatures vanquished.

Vanquished Creatures (others)
  2 vault wardens (Vaults:1)
  A ghost moth (Spider:1)
  A broodmother (Lair:2)
  A centaur warrior (Vaults:1)
  A two-headed ogre (D:12)
  An orc sorcerer (Orc:2)
  A manticore (D:13)
  2 elephants
  A stone giant skeleton (Vaults:2)
  A black mamba (Lair:6)
  A komodo dragon (Lair:6)
  A meliai (Spider:3)
  An acid dragon (D:11)
  2 swamp worms (Swamp:1)
  A water moccasin (Lair:6)
  An orc (D:7)
  12 foxfires (Swamp:1)
  18 fulminant prisms
  46 fungi
  81 plants
176 creatures vanquished.

Grand Total: 1197 creatures vanquished

Notes
Turn   | Place    | Note
-------+----------+-------------------------------------------
     0 | D:1      | GraveyardiganJr the Gargoyle Earth Elementalist began the
                  | quest for the Orb.
     0 | D:1      | Reached XP level 1. HP: 10/10 MP: 3/3
   171 | D:1      | Reached skill level 4 in Earth Magic
   171 | D:1      | Reached XP level 2. HP: 7/15 MP: 5/5
   591 | D:1      | Found Roishrye's Antique Armour Boutique.
   644 | D:1      | Learned a level 2 spell: Passwall
   865 | D:1      | Found a faded altar of an unknown god.
   869 | D:1      | Prayed at the altar of an unknown god.
   869 | D:1      | Became a worshipper of Ru the Awakened
   875 | D:1      | Gained mutation: You have somewhat slow reflexes. (EV -5)
                  | [Ru sacrifice]
   875 | D:1      | Reached * piety under Ru
  1237 | D:2      | Reached XP level 3. HP: 16/19 MP: 6/6
  1599 | D:2      | Found a shimmering blue altar of Sif Muna.
  1956 | D:3      | Noticed Jessica
  1965 | D:3      | Killed Jessica
  1966 | D:3      | Reached XP level 4. HP: 24/24 MP: 8/8
  1975 | D:3      | Learned a level 3 spell: Stone Arrow
  2093 | D:2      | Reached skill level 1 in Fighting
  2114 | D:3      | Noticed an ogre
  2325 | D:3      | Reached XP level 5. HP: 29/29 MP: 7/9
  2425 | D:3      | Reached skill level 5 in Earth Magic
  2445 | D:3      | Killed an ogre
  2446 | D:3      | Reached skill level 1 in Conjurations
  2531 | D:3      | Reached XP level 6. HP: 32/35 MP: 8/10
  3117 | D:3      | Noticed Terence
  3325 | D:3      | Reached skill level 1 in Maces & Flails
  3325 | D:3      | Reached skill level 1 in Armour
  3544 | D:3      | Noticed Ijyb
  4403 | D:4      | Gained mutation: You are hated by all. [Ru sacrifice]
  4403 | D:4      | Reached ** piety under Ru
  4532 | D:4      | Noticed a necrophage
  4539 | D:4      | Killed a necrophage
  4540 | D:4      | Reached XP level 7. HP: 27/40 MP: 8/11
  4681 | D:5      | Entered Level 5 of the Dungeon
  4682 | D:5      | Noticed Sigmund
  5240 | D:5      | Reached skill level 6 in Earth Magic
  5336 | D:1      | Bought a runed ring mail for 175 gold pieces
  5745 | D:6      | Reached XP level 8. HP: 29/45 MP: 7/12
  6085 | D:6      | Reached skill level 1 in Transmutations
  6324 | D:6      | You fall into a shaft and drop 2 floors!
  6328 | D:8      | Found a runed translucent door.
  6370 | D:8      | Reached skill level 5 in Maces & Flails
  6376 | D:8      | Reached skill level 7 in Earth Magic
  6406 | D:8      | Found a shimmering altar of Xom.
  6406 | D:8      | Noticed Bearnado's ghost (novice MiBe)
  6406 | D:8      | Noticed a +1 dagger of chaos
  6436 | D:8      | Noticed Harold
  6694 | D:8      | Reached XP level 9. HP: 52/52 MP: 7/13
  6811 | D:6      | Gained mutation: You cannot study or cast Fire magic. [Ru
                  | sacrifice]
  6811 | D:6      | Gained mutation: You cannot study or cast Transmutations
                  | magic. [Ru sacrifice]
  6811 | D:6      | Gained mutation: You cannot study or cast Necromancy magic.
                  | [Ru sacrifice]
  6811 | D:6      | Reached *** piety under Ru
  6816 | D:6      | Found a staircase to the Ecumenical Temple.
  6822 | Temple   | Entered the Ecumenical Temple
  7361 | D:6      | Reached skill level 8 in Earth Magic
  7468 | D:7      | Found Zeoffig's Antique Weapon Shoppe.
  7513 | D:7      | Learned a level 1 spell: Apportation
  7533 | D:7      | Reached skill level 1 in Hexes
  7691 | D:7      | Found a burning altar of Makhleb.
  7815 | D:7      | Found a white marble altar of Elyvilon.
  7945 | D:7      | Noticed Maggie
  7965 | D:7      | Killed Maggie
  7975 | D:7      | Found a runed translucent door.
  7976 | D:7      | Noticed Crazy Yiuf
  7991 | D:7      | Killed Crazy Yiuf
  8092 | D:8      | Reached skill level 1 in Staves
  8157 | D:8      | Reached skill level 9 in Earth Magic
  8203 | D:8      | Noticed Pikel
  8213 | D:8      | Killed Pikel
  8214 | D:8      | Reached skill level 5 in Stealth
  8214 | D:8      | Reached XP level 10. HP: 58/58 MP: 6/15
  8397 | D:8      | Noticed Prince Ribbit
  8409 | D:8      | Killed Prince Ribbit
  8735 | D:9      | Noticed a two-headed ogre
  8766 | D:10     | Entered Level 10 of the Dungeon
  8771 | D:10     | Found a glowing golden altar of the Shining One.
  8980 | D:9      | Noticed a kobold demonologist
  9068 | D:9      | Found Xude's Assorted Antiques.
  9072 | D:9      | Bought an agate ring for 145 gold pieces
  9072 | D:9      | Bought a scroll labelled VUPPAT POMU for 29 gold pieces
  9072 | D:9      | Bought a scroll labelled CURREA QIMIER for 29 gold pieces
  9086 | D:9      | Found a stormy altar of Qazlal.
  9105 | D:9      | Reached skill level 1 in Evocations
  9208 | D:9      | Gained mutation: You are missing a hand. [Ru sacrifice]
  9208 | D:9      | Reached **** piety under Ru
  9208 | D:9      | Reached ***** piety under Ru
  9208 | D:9      | Reached ****** piety under Ru
  9347 | D:9      | Found an ornate altar of the Wu Jian Council.
  9434 | D:9      | Killed a two-headed ogre
  9435 | D:9      | Reached skill level 5 in Conjurations
  9622 | D:9      | Learned a level 4 spell: Leda's Liquefaction
  9794 | D:10     | Found a shimmering blue altar of Sif Muna.
  9824 | D:10     | Found a broken altar of Ashenzari.
 10195 | D:11     | Reached XP level 11. HP: 62/62 MP: 16/16
 10331 | D:11     | Reached skill level 5 in Fighting
 10362 | D:11     | Reached skill level 10 in Earth Magic
 10559 | D:11     | Found a staircase to the Lair.
 10583 | Lair:1   | Entered Level 1 of the Lair of Beasts
 10590 | Lair:1   | Reached skill level 5 in Staves
 10761 | D:11     | Noticed a manticore
 11284 | Lair:1   | Reached skill level 11 in Earth Magic
 11409 | Lair:1   | Learned a level 4 spell: Cause Fear
 11557 | Lair:1   | Found a one-way gate to the infinite horrors of the Abyss.
 11566 | Lair:1   | Found a corrupted altar of Lugonu.
 11722 | Lair:1   | Identified the +7 hand axe of Dowdy Watchfulness {venom,
                  | Int+4}
 12268 | Lair:2   | Noticed a catoblepas
 12268 | Lair:2   | Noticed a death yak
 12268 | Lair:2   | Noticed dolemite99's ghost (novice DrCj)
 12269 | Lair:2   | Found a runed translucent gate.
 12269 | Lair:2   | Found a runed translucent gate.
 12271 | Lair:2   | Found a runed translucent gate.
 12273 | Lair:2   | Noticed an eight-headed hydra
 12408 | Lair:2   | Reached XP level 12. HP: 58/60 MP: 8/17
 12408 | Lair:2   | Killed an eight-headed hydra
 12410 | Lair:2   | Killed a catoblepas
 12411 | Lair:2   | Reached skill level 12 in Earth Magic
 12412 | Lair:2   | Killed a death yak
 12413 | Lair:2   | Reached skill level 5 in Hexes
 12415 | Lair:2   | Killed dolemite99's ghost
 12894 | Lair:2   | You fall into a shaft and drop 2 floors!
 12970 | Lair:4   | Reached skill level 5 in Evocations
 13032 | Lair:4   | Noticed a five-headed hydra
 13042 | Lair:4   | Killed a five-headed hydra
 13283 | Lair:4   | Reached skill level 5 in Armour
 13308 | Lair:3   | Noticed a boulder beetle
 14065 | Lair:3   | Reached skill level 1 in Translocations
 14278 | Lair:3   | Found a staircase to the Swamp.
 14352 | Lair:3   | Reached XP level 13. HP: 68/75 MP: 16/18
 14878 | Lair:2   | Found a hole to the Spider Nest.
 15396 | D:12     | Identified a scroll of acquirement
 15397 | D:12     | Acquired 735 gold pieces
 15511 | D:9      | Bought the +2 cloak of the Thief {*Fog Slay-2 SInv Stlth+}
                  | for 582 gold pieces
 15511 | D:9      | Found the +2 cloak of the Thief {*Fog Slay-2 SInv Stlth+}
 16023 | D:11     | Found a staircase to the Orcish Mines.
 16268 | Lair:3   | Reached skill level 5 in Dodging
 16618 | Lair:3   | Identified the +1 robe "Soramo" {rF+}
 17709 | Lair:6   | Entered Level 6 of the Lair of Beasts
 18261 | Lair:6   | Noticed Sonja
 18264 | Lair:6   | Killed Sonja
 18265 | Lair:6   | Gained mutation: Your large and strong wings let you fly.
                  | [Gargoyle growth]
 18265 | Lair:6   | Reached XP level 14. HP: 66/82 MP: 10/20
 18459 | Lair:6   | Reached skill level 5 in Spellcasting
 19081 | Lair:6   | Found a runed translucent door.
 19085 | Lair:6   | Found a staircase to the Slime Pits.
 19085 | Lair:6   | Noticed an acid blob
 19093 | Lair:6   | Learned a level 4 spell: Hailstorm
 19418 | Lair:6   | Reached skill level 13 in Earth Magic
 19844 | Lair:6   | Got the Tome of the Rocks
 19856 | Lair:6   | Reached skill level 1 in Ice Magic
 20400 | D:5      | Killed Sigmund
 20768 | Orc:1    | Entered Level 1 of the Orcish Mines
 20989 | Orc:2    | Entered Level 2 of the Orcish Mines
 21005 | Orc:2    | Reached XP level 15. HP: 64/89 MP: 24/24
 21169 | Orc:2    | Noticed Azrael
 21173 | Orc:2    | Killed Azrael
 21251 | Orc:1    | Noticed Jorgrun
 21661 | Orc:2    | Found a staircase to the Elven Halls.
 21988 | Orc:2    | Found Micliff's Book Shop.
 22000 | Orc:2    | Bought a book of Blasting for 352 gold pieces
 22007 | Orc:2    | Learned a level 5 spell: Lee's Rapid Deconstruction
 22017 | Orc:2    | Found Ostrubuc's Antique Weapon Boutique.
 22038 | Orc:2    | Found a radiant altar of Vehumet.
 22110 | Orc:2    | Found an ancient bone altar of Kikubaaqudgha.
 22178 | Orc:2    | Found Heast's Magic Scroll Boutique.
 22268 | Orc:2    | Reached skill level 10 in Stealth
 22275 | Orc:2    | Found Hoqe's Antique Armour Shop.
 22295 | Orc:2    | Bought a scroll of magic mapping for 35 gold pieces
 22295 | Orc:2    | Bought 3 scrolls of blinking for 225 gold pieces
 22295 | Orc:2    | Bought a scroll of teleportation for 30 gold pieces
 22295 | Orc:2    | Bought a scroll of fog for 20 gold pieces
 23191 | D:13     | Noticed Urug
 23255 | D:13     | Found a gate to the Vaults.
 23520 | Orc:2    | Bought a scroll of identify for 20 gold pieces
 23530 | Orc:2    | Learned a level 4 spell: Fulminant Prism
 23535 | Orc:2    | Learned a level 4 spell: Iskenderun's Mystic Blast
 23743 | Swamp:1  | Entered Level 1 of the Swamp
 23750 | Swamp:1  | Reached skill level 14 in Earth Magic
 23810 | Spider:1 | Entered Level 1 of the Spider Nest
 23820 | Spider:1 | Noticed an emperor scorpion
 23850 | Lair:2   | Killed an emperor scorpion
 24198 | Spider:1 | Noticed a ghost moth
 24478 | Spider:1 | Noticed a ghost moth
 24571 | Spider:1 | Killed a ghost moth
 24672 | Spider:1 | Noticed Louise
 24935 | Spider:2 | Noticed a ghost moth
 25556 | Spider:1 | Acquired a book of Spectacle
 25562 | Spider:1 | Learned a level 3 spell: Dazzling Flash
 25751 | Spider:2 | Identified the +1 dagger of the Tundras {drain, Dex+4}
 25947 | Spider:2 | Reached XP level 16. HP: 96/96 MP: 1/28
 27017 | Spider:4 | Entered Level 4 of the Spider Nest
 28710 | Spider:4 | Reached skill level 15 in Earth Magic
 29380 | Spider:4 | Got a gossamer rune of Zot
 30048 | Swamp:1  | Reached XP level 17. HP: 100/100 MP: 26/30
 30267 | Swamp:2  | Reached skill level 10 in Evocations
 30966 | D:13     | You are sucked into a shaft and drop 1 floor!
 31371 | D:13     | Killed Urug
 31789 | D:13     | Reached skill level 16 in Earth Magic
 31951 | D:14     | Identified the +1 robe of the Kettle-Drum {rPois rF+}
 31968 | D:14     | Reached skill level 10 in Spellcasting
 32020 | D:14     | Reached skill level 10 in Conjurations
 33007 | D:15     | Entered Level 15 of the Dungeon
 33260 | D:15     | Identified the +2 ring mail "Obritujo" {Dex+3}
 33409 | D:15     | Found Ropaagg's General Store.
 33414 | D:15     | Bought a wand of iceblast (4) for 104 gold pieces
 33414 | D:15     | Bought a potion of might for 52 gold pieces
 33414 | D:15     | Bought 15 stones for 19 gold pieces
 33491 | D:15     | Noticed Roxanne
 34956 | D:15     | Killed Roxanne
 34957 | D:15     | Reached skill level 17 in Earth Magic
 35019 | D:15     | Found a staircase to the Depths.
 35379 | D:15     | Acquired the ring of Fiodez {Fly EV+4 Int+5}
 35732 | Vaults:1 | Entered Level 1 of the Vaults
 35866 | D:13     | Reached skill level 1 in Short Blades
 36195 | D:13     | Reached XP level 18. HP: 81/107 MP: 18/32
 37239 | D:8      | Reached skill level 18 in Earth Magic
 37244 | D:8      | Killed Bearnado's ghost
 37280 | D:8      | Killed Harold
 37961 | D:13     | Reached skill level 1 in Axes
 40757 | Vaults:2 | Reached skill level 10 in Fighting
 40964 | Vaults:2 | Reached skill level 19 in Earth Magic
 41305 | Vaults:2 | Found Efenoaci's Magic Scroll Shop.
 41311 | Vaults:2 | Bought a scroll of fear for 52 gold pieces
 41311 | Vaults:2 | Bought a scroll of magic mapping for 52 gold pieces
 41311 | Vaults:2 | Bought a scroll of blinking for 112 gold pieces
 41311 | Vaults:2 | Bought a scroll of teleportation for 45 gold pieces
 41405 | Vaults:2 | Reached XP level 19. HP: 112/112 MP: 33/35
 41794 | Vaults:2 | Found a staircase to the Crypt.
 42876 | Vaults:2 | Reached skill level 20 in Earth Magic
 43401 | Elf:1    | Entered Level 1 of the Elven Halls
 43427 | Elf:1    | Reached skill level 5 in Translocations
 43614 | Elf:1    | Found Darruciokk's Assorted Antiques.
 43623 | Elf:1    | Bought a potion of magic for 200 gold pieces
 43623 | Elf:1    | Bought a wand of polymorph (4) for 50 gold pieces
 43660 | Elf:1    | Found Ekum's Book Shop.
 43665 | Elf:1    | HP: 4/108 [+5 vorpal long sword (4)]
 43666 | Elf:1    | Killed from afar by a deep elf pyromancer

Illustrated notes

Levels and vault maps discovered:
D:1:      dpeg_arrival_central, layout_loops_ring,
          hellmonk_ecumenical_altar_leap_of_faith, serial_shops, shop
D:2:      layout_rooms, basic_altar, chequers_serial_rivers_micro_d
D:3:      layout_basic, uniq_terence, uniq_jessica, uniq_ijyb
D:4:      layout_loops_corners
D:5:      layout_basic, minivault_14, grunt_ministairs_7, st_stairs_11,
          corexii_checkpoint_a, uniq_sigmund
D:6:      layout_basic, minmay_temple_entry_enclosed_plants,
          minmay_increasing_density
D:7:      layout_rooms, lemuel_tele_altar, lemuel_round_altar, serial_shops,
          nicolae_square_shop, uniq_crazy_yiuf_cottage, uniq_maggie
D:8:      layout_basic, ebering_ghost_xom, minmay_fountain_box,
          supply_closet_lemuel, uniq_pikel, uniq_harold, uniq_prince_ribbit1
D:9:      layout_cave_pools, grunt_qazlal_sundering,
          nicolae_wu_jian_immortal_techniques, serial_shops,
          nicolae_shop_behind_doors, nicolae_elevator_lobby_plus
D:10:     layout_roguey, kennysheep_mini, nicolae_sif_muna_condensation,
          mainiacjoe_overflow_boulevard
D:11:     layout_cave_pools, erik_lair_island, erik_orc_1
D:12:     layout_loops_ring, serial_shops, shop
D:13:     layout_irregular_city, lightli_vaults_fourway_checkpoint, uniq_urug
D:14:     layout_roguey, minmay_misc_feat_rugged, special_room
          [special_room_orc], grunt_ministairs_12, minmay_misc_feat_x,
          st_stairs_10, minmay_crystal_room
D:15:     hangedman_depths_entry_civil_slaughter, layout_basic, serial_shops,
          nicolae_shop_crystal, chequers_arboretum, grunt_decor_resistance,
          uniq_roxanne
Temple:   regret_index_temple_waves
Lair:1:   layout_regular_city, minivault_25, st_stairs_6, minivault_26,
          amcnicky_altar_lugonu_corruption
Lair:2:   layout_regular_city, nicolae_spider_entry_tight_spaces,
          gammafunk_ghost_split, serial_bayou_shore_b, lemuel_fruit_tree
Lair:3:   layout_regular_city, swamp_mist, grunt_megastairs_3
Lair:4:   layout_big_grid
Lair:5:   layout_loops_ring, serial_bayou_shore_b, grunt_megastairs_2,
          serial_bayou_shore_a
Lair:6:   evilmike_catoblepas_cave, layout_gridlike, slime_altar_2,
          uniq_josephine, uniq_sonja
Swamp:1:  layout_falls_marsh, evilmike_swamp_ruin_house_2, swamp_pool2
Swamp:2:  layout_basic_swamp, evilmike_swamp_ruin_house_5
Spider:1: layout_spider_delve, nicolae_spider_claw_tunnel, uniq_louise
Spider:2: layout_spider_delve
Spider:3: nicolae_spider_mines_3
Spider:4: spider_rune_water, nicolae_spider_not_touching_you
Orc:1:    layout_diamond_mine, uniq_jorgrun
Orc:2:    kennysheep_orc_mage_school, layout_caves, uniq_azrael
Elf:1:    elf_arrival_001, layout_onion_city, serial_shops, shop_statue,
          nicolae_lakefront_shop, shop_fountains, minivault_28,
          minmay_misc_feat_alley
Vaults:1: hangedman_vaults_pinch, hangedman_vaults_nails, v_misc_1,
          v_alt_pattern_2, vaults_room_hangedman_quadrants,
          nicolae_vaults_three_branches, ontoclasm_vaults_shuriken,
          v_alt_pattern_1, nicolae_vaults_mini_display_case,
          layout_vaults_big_room
Vaults:2: v_misc_31, vaults_mumra_hex, ontoclasm_vaults_hangar,
          ontoclasm_vaults_idyll, nicolae_vaults_rhombus_5,
          minmay_crypt_entry_skeletal_spiral, nicolae_vaults_little_squares_4,
          vaults_room_corners, v_pattern_3, serial_ice_m,
          layout_vaults_omnigrid, serial_shops, shop

Skill      XL: |  1  2  3  4  5  6  7  8  9 10 11 12 13 14 15 16 17 18 19 |
---------------+----------------------------------------------------------+-----
Earth Magic    | 4 5 6 7 9 11 12 13 14 15 17 19 20 | 20.3
Spellcasting   | 3 4 6 8 9 10 12 | 12.1
Fighting       | 1 2 3 4 5 6 7 8 9 10 | 10.5
Conjurations   | 1 2 3 4 5 6 7 8 9 10 11 | 11.3
Dodging        | 2 3 4 5 6 |  6.7
Maces & Flails | 2 3 5 6 7 8 |  8.9
Armour         | 1 2 3 4 5 6 |  6.4
Stealth        | 3 5 6 7 8 9 10 | 10.9
Transmutations | 1 0 |  0.0
Hexes          | 2 4 6 7 8 |  8.4
Staves         | 2 4 5 6 7 8 9 |  9.3
Evocations     | 2 4 5 7 8 9 10 | 10.4
Translocations | 1 2 4 5 |  5.0
Ice Magic      | 2 3 |  3.5
Short Blades   | 1 2 |  2.3
Axes           | 3 |  3.1

Action                   |  1- 3 |  4- 6 |  7- 9 | 10-12 | 13-15 | 16-18 | 19-21 || total
-------------------------+-------+-------+-------+-------+-------+-------+-------++-------
Melee: Unarmed           |     9 |       |       |       |       |       |       ||     9
       Club              |    42 |    36 |       |       |       |       |       ||    78
       Flail             |       |    67 |   163 |       |       |       |       ||   230
       Punch             |       |       |     2 |     2 |       |       |       ||     4
       Quarterstaff      |       |       |    20 |    47 |       |       |       ||    67
       Staff             |       |       |       |   297 |   398 |   432 |    48 ||  1175
       Whip              |       |       |       |    70 |   247 |   154 |    10 ||   481
       Hand axe          |       |       |       |       |    11 |    89 |    16 ||   116
       Dagger            |       |       |       |       |       |    23 |     5 ||    28
 Fire: Hunting sling     |    19 |    33 |       |       |       |       |       ||    52
       Hand crossbow     |       |     3 |    40 |    43 |       |       |       ||    86
Throw: Stone             |    13 |       |       |       |    39 |    16 |     3 ||    71
       Dart              |     3 |     6 |     2 |     7 |     7 |       |       ||    25
       Javelin           |       |     1 |     1 |       |       |       |       ||     2
       Boomerang         |       |       |       |     1 |     1 |       |       ||     2
       Throwing net      |       |       |       |       |       |     2 |       ||     2
 Cast: Sandblast         |    20 |    23 |    60 |   106 |   211 |   131 |    25 ||   576
       Passwall          |       |     3 |       |       |       |       |       ||     3
       Stone Arrow       |       |       |    13 |    73 |   175 |   157 |    21 ||   439
       Apportation       |       |       |     1 |    12 |    30 |    28 |     2 ||    73
       Leda's Liquefacti |       |       |       |     4 |    39 |    51 |     8 ||   102
       Cause Fear        |       |       |       |       |     2 |       |       ||     2
       Lee's Rapid Decon |       |       |       |       |    22 |   139 |    57 ||   218
       Iskenderun's Myst |       |       |       |       |     5 |   112 |    12 ||   129
       Fulminant Prism   |       |       |       |       |     3 |    15 |       ||    18
       Dazzling Flash    |       |       |       |       |       |    18 |     2 ||    20
Invok: Sacrifice Health  |     1 |       |       |       |       |       |       ||     1
       Sacrifice Love    |       |     1 |       |       |       |       |       ||     1
       Sacrifice Arcana  |       |       |     1 |       |       |       |       ||     1
       Sacrifice a Hand  |       |       |       |     1 |       |       |       ||     1
       Apocalypse        |       |       |       |     1 |     8 |     4 |       ||    13
       Power Leap        |       |       |       |       |     1 |     7 |     1 ||     9
       Draw Out Power    |       |       |       |       |       |     1 |     2 ||     3
Evoke: Wand              |     2 |       |     4 |     8 |    21 |    27 |     1 ||    63
       Piece from Xom's  |       |       |       |       |       |    28 |     5 ||    33
  Use: Scroll            |     2 |     2 |     6 |    19 |    16 |    14 |     1 ||    60
       Potion            |       |       |     1 |       |     3 |     6 |     2 ||    12
 Stab: Sleeping          |     1 |     3 |     2 |     3 |     7 |     7 |       ||    23
       Paralysed         |     5 |       |    11 |    18 |    29 |    11 |     5 ||    79
       Invisible         |       |       |       |     7 |     1 |     9 |     1 ||    18
       Distracted        |       |       |       |     4 |     2 |       |       ||     6
       Petrified         |       |       |       |       |     1 |     9 |       ||    10
       Confused          |       |       |       |       |       |     3 |       ||     3
       Held in net/web   |       |       |       |       |       |     1 |       ||     1
Armor: Robe              |    23 |       |       |       |    60 |    41 |    37 ||   161
       Leather armour    |       |    64 |    87 |   245 |   215 |   277 |       ||   888
       Ring mail         |       |       |    30 |       |       |   162 |       ||   192
Dodge: Dodged            |    19 |    37 |    59 |   118 |   170 |   247 |    32 ||   682
